 Dungeon Crawl Stone Soup version 0.28.0-47-ge53b351184 (webtiles) character file.

Game seed: 4734183319521889061

676 firemarshallily the Caller (level 7, 0/46 HPs)
             Began as a Merfolk Summoner on May 6, 2022.
             Was an Initiate of Sif Muna.
             Slain by a black bear (4 damage)
             ... on level 4 of the Dungeon on May 7, 2022.
             The game lasted 00:22:06 (5069 turns).

firemarshallily the Caller (Merfolk Summoner)       Turns: 5069, Time: 00:22:06

Health: 0/46       AC:  4    Str:  8    XL:     7   Next: 60%
Magic:  4/14       EV: 12    Int: 17    God:    Sif Muna [......]
Gold:   129        SH:  0    Dex: 14    Spells: 2/15 levels left

rFire   + . .      SeeInvis .   g - +0 spear
rCold   . . .      Faith    .   (no shield)
rNeg    . . .      Spirit   .   a - +0 robe
rPois   .          Reflect  .   (no helmet)
rElec   .          Harm     .   h - +0 cloak
rCorr   .          Rampage  .   i - +0 pair of gloves
Will    .....                   (no boots)
Stlth   ++........              (no amulet)
HPRegen 0.15/turn               j - ring of protection from fire
MPRegen 0.14/turn               (no ring)

@: no status effects
A: (nimble swimmer 2), mertail
a: Renounce Religion


You were on level 4 of the Dungeon.
You worshipped Sif Muna.
Sif Muna was noncommittal.
You visited 2 branches of the dungeon, and saw 5 of its levels.

You collected 134 gold pieces.
You donated 5 gold pieces to Zin.

Inventory:

Hand Weapons
 g - a +0 spear (weapon)
 k - a +0 trident
Missiles
 c - 65 stones
 f - 2 boomerangs
Armour
 a - a +0 robe (worn)
 h - a +0 cloak (worn)
 i - a +0 pair of gloves (worn)
Jewellery
 j - a ring of protection from fire (left hand)
Wands
 n - a wand of flame (23)
Scrolls
 b - 4 scrolls of identify
 e - a scroll of enchant armour {unknown}
 l - a scroll of teleportation {unknown}
Potions
 d - a potion of lignification
 m - a potion of curing {unknown}


   Skills:
 + Level 4.2 Polearms
 - Level 2.6 Dodging
 - Level 2.1 Stealth
 * Level 4.9 Spellcasting
 * Level 6.8 Summonings


You had 2 spell levels left.
You knew the following spells:

 Your Spells              Type           Power      Damage    Failure   Level
a - Summon Small Mammal   Summ           100%       N/A       1%          1
b - Call Imp              Summ           27%        N/A       1%          2
c - Call Canine Familiar  Summ           27%        N/A       2%          3
d - Summon Guardian Gole  Hex/Summ       15%        N/A       11%         3
e - Summon Lightning Spi  Summ/Air       15%        N/A       34%         4

Your spell library contained the following spells:

 Spells                   Type           Power      Damage    Failure   Level
 Sting                    Tmut/Pois      16%        1d3       14%         1
 Ensorcelled Hibernation  Hex/Ice        8%         N/A       22%         2
 Passwall                 Tmut/Erth      3%         N/A       22%         2
 Poisonous Vapours        Pois/Air       8%         N/A       22%         2
 Animate Armour           Summ/Erth      30%        N/A       34%         4
 Stone Arrow              Conj/Erth      8%         3d7       41%         3
 Swiftness                Air            4%         N/A       41%         3
 Animate Dead             Necr           2%         N/A       82%         4
 Olgreb's Toxic Radiance  Pois           4%         N/A       82%         4
 Haunt                    Necr/Summ      7%         N/A       100%        7
 Infestation              Necr           2%         N/A       100%        8
 Lehudib's Crystal Spear  Conj/Erth      2%         10d2      100%        8


Dungeon Overview and Level Annotations

Branches:
Dungeon (4/15)             Temple (1/1) D:4

Altars:
Ashenzari
Qazlal
Sif Muna
Wu Jian
Xom
Zin
The Shining One


Innate Abilities, Weirdness & Mutations

((You are very nimble when in or above water. (Stealth+, EV+, Speed+++)))
Your lower body shifts to a powerful aquatic tail in water.


Message History

The black bear claws you but does no damage.
The black bear barely misses you.
Your quokka barely misses the black bear.
You hit the black bear.
The black bear is heavily wounded.
Your quokka bites the black bear.
The black bear bites you. The black bear claws you.
The black bear barely misses you.
You hit the black bear but do no damage.
The black bear is severely wounded.
Your quokka bites the black bear but does no damage.
The black bear goes berserk!
You hit the black bear. Your punch misses the black bear.
The black bear is severely wounded.
Your quokka bites the black bear.
The black bear misses your quokka.
The black bear barely misses your quokka.
The black bear claws your quokka.
You hit the black bear but do no damage.
The black bear is almost dead.
The black bear bites you but does no damage.
The black bear claws you. The black bear misses you.
Your quokka bites the black bear.
You barely miss the black bear.
The black bear is almost dead.
The black bear bites you!
* * * LOW HITPOINT WARNING * * *
The black bear closely misses you. x2
Your quokka bites the black bear but does no damage.
The black bear closely misses your quokka. x2
The black bear claws your quokka.
Your quokka dies!
Your quokka's corpse disappears in a puff of smoke!
You barely miss the black bear.
The black bear growls angrily.
The black bear is almost dead.
The black bear bites you.
* * * LOW HITPOINT WARNING * * *
The black bear claws you.
* * * LOW HITPOINT WARNING * * *
The black bear claws you.
You die...

.# #.#
.# #.#
.# #.#
.# #.#
.#
####.#
.#
#.5..#
.#
#.####
##
#.#.##
#.###@##
#.# ##h#
## ##.h#
#h#5#
#.##.#
## #.#
#.# #.#
#.#


You could see a black bear (berserk, ally target), a friendly hound (summoned)
and a friendly white imp (summoned).

Vanquished Creatures
  A water moccasin (D:3)
  2 scorpions (D:4)
  An adder (D:3)
  A worm (D:2)
  An orc (D:4)
  2 bats
  3 endoplasms
  A giant cockroach (D:2)
  A goblin (D:3)
  A hobgoblin (D:2)
  2 kobolds
  2 quokkas (D:1)
  3 ball pythons
  4 rats
25 creatures vanquished.

Vanquished Creatures (collateral kills)
  A black bear (D:4)
  A bullfrog (D:3)
  A scorpion (D:4)
  A jelly (D:4)
  An orc priest (D:4)
  Crazy Yiuf (D:2)
  A bullfrog skeleton (D:4)
  2 adders (D:3)
  An adder skeleton (D:4)
  4 worms
  2 dart slugs (D:1)
  3 orcs (D:4)
  6 endoplasms
  4 giant cockroaches
  9 goblins
  2 hobgoblins
  5 quokkas
  4 ball pythons
  3 bats
  3 frilled lizards
  6 kobolds
  8 rats
69 creatures vanquished.

Grand Total: 94 creatures vanquished

Notes
Turn   | Place    | Note
-------+----------+-------------------------------------------
     0 | D:1      | firemarshallily the Merfolk Summoner began the quest for
                  | the Orb.
     0 | D:1      | Reached XP level 1. HP: 13/13 MP: 3/3
   183 | D:1      | Reached XP level 2. HP: 19/19 MP: 1/5
   540 | D:1      | Reached XP level 3. HP: 24/24 MP: 3/6
   964 | D:2      | Found a faded altar of an unknown god.
   968 | D:2      | Prayed at the altar of an unknown god.
   968 | D:2      | Became a worshipper of Zin the Law-Giver
   968 | D:2      | Reached * piety under Zin
   978 | D:2      | Fell from the grace of Zin
  1189 | D:2      | Reached skill level 5 in Summonings
  1258 | D:2      | Found a runed translucent door.
  1259 | D:2      | Noticed Crazy Yiuf
  1264 | D:2      | Learned a level 2 spell: Call Imp
  1268 | D:2      | Learned a level 3 spell: Call Canine Familiar
  1278 | D:2      | Killed Crazy Yiuf
  1279 | D:2      | Reached XP level 4. HP: 30/30 MP: 0/8
  1438 | D:2      | Reached skill level 1 in Polearms
  1475 | D:2      | Found an ornate altar of the Wu Jian Council.
  2337 | D:3      | Reached XP level 5. HP: 35/35 MP: 3/9
  2416 | D:3      | Noticed a water moccasin
  2439 | D:3      | Killed a water moccasin
  2565 | D:3      | Reached XP level 6. HP: 41/41 MP: 8/11
  2820 | D:3      | Found a shimmering altar of Xom.
  2964 | D:3      | Reached skill level 6 in Summonings
  4077 | D:4      | Reached XP level 7. HP: 37/46 MP: 3/13
  4630 | D:4      | Found a staircase to the Ecumenical Temple.
  4660 | Temple   | Entered the Ecumenical Temple
  4669 | Temple   | Became a worshipper of Sif Muna the Loreminder
  4990 | D:4      | Learned a level 3 spell: Summon Guardian Golem
  4995 | D:4      | Learned a level 4 spell: Summon Lightning Spire
  5069 | D:4      | Slain by a black bear

Illustrated notes

Levels and vault maps discovered:
D:1:      minmay_arrival_cross, layout_rooms, chequers_serial_rivers_micro_a
D:2:      layout_basic, basic_altar, nicolae_ecumenical_pavilion,
          uniq_crazy_yiuf_cottage
D:3:      layout_basic, mainiacjoe_overflow_alcove_2, grunt_ministairs_11
D:4:      layout_loops_ring, temple_fountains, abandoned_shop, chequers_avenue,
          corexii_shack, minmay_unequal
Temple:   hc_temple_tempest_star

Skill      XL: |  1  2  3  4  5  6  7 |
---------------+----------------------+-----
Summonings     | 5 6 |  6.8
Polearms       | 1 2 3 4 |  4.2
Spellcasting   | 3 4 |  4.9
Dodging        | |  2.6
Stealth        | |  2.1

Action                   |  1- 3 |  4- 6 |  7- 9 || total
-------------------------+-------+-------+-------++-------
Melee: Unarmed           |     8 |       |       ||     8
       Dagger            |    59 |       |       ||    59
       Spear             |       |    60 |    18 ||    78
 Cast: Summon Small Mamm |    50 |    58 |    13 ||   121
       Call Imp          |     1 |    19 |     8 ||    28
       Call Canine Famil |     1 |    14 |    12 ||    27
Invok: Renounce Religion |     1 |       |       ||     1
  Use: Scroll            |     3 |     4 |       ||     7
 Stab: Sleeping          |     1 |       |       ||     1
       Distracted        |       |     2 |       ||     2
Armor: Robe              |    17 |     7 |    15 ||    39
Dodge: Dodged            |    34 |    21 |    16 ||    71
